 Dungeon Crawl Stone Soup version 0.21.1-1-g345015f (webtiles) character file.

2348 teukkam the Grappler (level 9, -10/93 HPs)
             Began as a Troll Monk on Apr 17, 2018.
             Mangled by an orc knight
             ... wielding a +0 battleaxe
              (25 damage)
             ... in a bailey.
             The game lasted 00:13:48 (2787 turns).

teukkam the Grappler (Troll Monk)                   Turns: 2787, Time: 00:13:49

Health: -10/93     AC:  5    Str: 24    XL:     9   Next: 20%
Magic:  8/8        EV: 10    Int:  6    God:
Gold:   273        SH:  0    Dex: 12    Spells: 8/8 levels left

rFire    . . .     SeeInvis .     - Unarmed
rCold    . . .     Gourm    +   (no shield)
rNeg     . . .     Faith    .   a - +0 robe
rPois    .         Spirit   .   (helmet restricted)
rElec    .         Reflect  .   (no cloak)
rCorr    .         Harm     .   (gloves unavailable)
MR       .....                  (boots unavailable)
Stlth    ++........             g - amulet of rage
HPRegen  0.65/turn              (no ring)
MPRegen  0.11/turn              (no ring)

@: no status effects
A: large, unfitting armour, claws 3, fast metabolism 3, gourmand, regeneration
1, shaggy fur 1, tough skin 2
a: Evoke Berserk Rage


You were in a bailey.
You were full.

You visited 1 branch of the dungeon, and saw 9 of its levels.
You also visited: Bailey.

You collected 273 gold pieces.

Inventory:

Hand Weapons
 b - a +0 shortbow of freezing
 c - a +1 hunting sling
 e - a +2 whip of venom
Missiles
 d - 50 stones
 j - 44 arrows
 k - 31 tomahawks of returning (quivered)
Armour
 a - a +0 robe (worn)
Jewellery
 g - an amulet of rage (around neck)
Wands
 f - a wand of iceblast (8)
 o - a wand of polymorph (10)
 q - a wand of enslavement (15)
 w - a wand of acid (11)
Scrolls
 h - a scroll of remove curse
 l - a scroll of blinking
 m - a scroll of identify
 n - 2 scrolls of fear
 p - a scroll of amnesia
 s - a scroll of immolation {unknown}
Potions
 r - a potion of resistance {unknown}
 t - 4 potions of flight
 u - a potion of heal wounds
 v - a potion of degeneration {unknown}
Comestibles
 i - 8 rations


   Skills:
 + Level 7.4 Fighting
 + Level 2.9 Throwing
 - Level 2.4 Dodging
 - Level 1.0 Stealth
 + Level 9.0 Unarmed Combat


You had 8 spell levels left.
You didn't know any spells.

Dungeon Overview and Level Annotations

Branches:
Dungeon (9/15)             Temple (0/1) D:5
   Lair: D:8-11         Orc: D:9-12

Altars:

Shops:
D:5 %


Innate Abilities, Weirdness & Mutations

You are too large for most types of armour.
You have claws for hands.
Your metabolism is lightning-fast.
You like to eat raw meat.
Your natural rate of healing is unusually fast.
You are covered in fur. (AC +1)
You have very tough skin. (AC +2)


Message History

The orc knight barely misses you.
You scratch the orc knight but do no damage.
The orc knight is heavily wounded.
The orc knight hits you with a battleaxe!
You completely miss the orc knight.
You claw the orc knight, but do no damage.
The orc knight is heavily wounded.
You scratch the orc knight.
The orc knight is severely wounded.
The orc knight hits you with a battleaxe!
You scratch the orc knight but do no damage.
The orc knight is severely wounded.
The orc knight hits you with a battleaxe!!
* * * LOW HITPOINT WARNING * * *
You mangle the orc knight!!
The orc knight is almost dead.
You barely miss the orc knight.
The orc knight is almost dead.
The orc knight hits you with a battleaxe!!
You die...

#############. ####....)...(....
##......).@..####
##.......)†#o## #.....⌠....#(.#
##...).).###..# #########)....#
'..### #≈≈≈≈≈≈#.)....###..g. ...
.# # ≈≈≈≈≈≈≈≈≈≈)÷)..#..####'####
.#.≈
≈###≈≈≈≈≈≈≈≈≈≈.####.oKoo..####≈≈
###....≈≈≈≈≈≈≈∩#KogggK.#∩≈≈≈≈


You could see an orc knight and a gnoll (wandering).

Vanquished Creatures
  An orc knight (Bailey)
  An ice beast (D:9)
  4 orc warriors (Bailey)
  A sky beast (D:8)
  A black bear (D:4)
  An ogre (D:4)
  3 centaurs (D:7)
  4 bullfrogs
  4 wights (D:8)
  2 howler monkeys
  A crimson imp (D:7)
  A bullfrog zombie (D:8)
  5 hounds
  An orc priest (D:5)
  An orc wizard (D:5)
  A worker ant (D:7)
  A worker ant zombie (D:7)
  Robin (D:3)
  3 adders
  2 oozes
  An adder skeleton (D:9)
  4 dart slugs
  3 leopard geckos
  9 orcs
  3 bats
  7 giant cockroaches
  7 goblins
  5 hobgoblins
  5 jackals
  15 kobolds
  2 quokkas
  7 rats
107 creatures vanquished.

Notes
Turn   | Place    | Note
-------+----------+-------------------------------------------
     0 | D:1      | teukkam the Troll Monk began the quest for the Orb.
     0 | D:1      | Reached XP level 1. HP: 22/22 MP: 0/0
     6 | D:1      | Noticed a rime drake
     6 | D:1      | Noticed an iguana
     7 | D:1      | Noticed a black bear
     7 | D:1      | Noticed a hound
    83 | D:1      | Reached XP level 2. HP: 29/29 MP: 1/1
   349 | D:1      | Reached XP level 3. HP: 37/37 MP: 2/2
   512 | D:3      | Noticed Robin
   515 | D:3      | Killed Robin
   519 | D:3      | Reached skill level 4 in Unarmed Combat
   680 | D:4      | Reached XP level 4. HP: 45/45 MP: 3/3
   781 | D:4      | Noticed a black bear
   798 | D:4      | Reached XP level 5. HP: 51/54 MP: 4/4
   813 | D:4      | Killed a black bear
   813 | D:4      | Reached skill level 5 in Unarmed Combat
   861 | D:4      | Noticed an ogre
   886 | D:4      | Killed an ogre
   886 | D:4      | Reached XP level 6. HP: 15/63 MP: 5/5
   970 | D:5      | Entered Level 5 of the Dungeon
  1095 | D:5      | Found Punicant's Food Shop.
  1624 | D:5      | Found a staircase to the Ecumenical Temple.
  1741 | D:7      | Reached skill level 5 in Fighting
  1741 | D:7      | Reached skill level 6 in Unarmed Combat
  1748 | D:7      | Reached XP level 7. HP: 45/72 MP: 6/6
  1899 | D:7      | Reached skill level 7 in Unarmed Combat
  1989 | D:8      | Reached XP level 8. HP: 47/83 MP: 7/7
  2191 | D:8      | Reached skill level 8 in Unarmed Combat
  2213 | D:9      | Found a flagged portal.
  2282 | Bailey   | Entered a bailey
  2289 | Bailey   | Noticed an orc knight
  2455 | Bailey   | Noticed an orc knight
  2559 | Bailey   | Killed an orc knight
  2559 | Bailey   | Reached XP level 9. HP: 21/93 MP: 8/8
  2756 | Bailey   | Reached skill level 9 in Unarmed Combat
  2787 | Bailey   | Mangled by an orc knight

Skill      XL: |  1  2  3  4  5  6  7  8  9 |
---------------+----------------------------+-----
Fighting       | 3 4 5 6 7 |  7.4
Unarmed Combat | 4 5 6 7 8 9 |  9.0
Throwing       | 2 |  2.9
Dodging        | |  2.4
Stealth        | |  1.0

Action                   |  1- 3 |  4- 6 |  7- 9 || total
-------------------------+-------+-------+-------++-------
Melee: Unarmed           |    96 |    78 |   115 ||   289
       Punch             |       |     1 |     3 ||     4
 Fire: Hunting sling     |       |     4 |       ||     4
       Shortbow          |       |       |    62 ||    62
Throw: Stone             |     1 |       |       ||     1
       Tomahawk          |       |       |     5 ||     5
Evoke: Wand              |       |       |     1 ||     1
  Use: Potion            |       |     3 |       ||     3
       Scroll            |       |     4 |     3 ||     7
 Stab: Sleeping          |       |     1 |       ||     1
  Eat: Chunk             |    12 |     8 |     8 ||    28
Armor: Robe              |    26 |    24 |    23 ||    73
Dodge: Dodged            |    39 |    43 |    63 ||   145
